 Dungeon Crawl Stone Soup version 0.28-a0-793-g31680bbd8b (webtiles) character file.

Game seed: 14711137314145419444

150 demibob the Ruffian (level 5, -4/45 HPs)
             Began as a Ghoul Monk on Nov 4, 2021.
             Was a Priest of Okawaru.
             Slain by a hound (5 damage)
             ... on level 3 of the Dungeon.
             The game lasted 00:03:31 (2341 turns).

demibob the Ruffian (Ghoul Monk)                    Turns: 2341, Time: 00:03:32

Health: -4/45      AC:  3    Str: 15    XL:     5   Next: 32%
Magic:  3/5        EV: 15    Int:  5    God:    Okawaru [***...]
Gold:   124        SH:  0    Dex: 12    Spells: 4/4 levels left

rFire   . . .      SeeInvis .   a - +0 lajatang (vamp)
rCold   + . .      Faith    +   (shield currently unavailable)
rNeg    + + +      Spirit   .   j - +0 robe
rPois   ∞          Reflect  .   c - +0 helmet
rElec   .          Harm     .   (no cloak)
rCorr   .          Rampage  .   (no gloves)
Will    .....                   (no boots)
Stlth   +++.......              h - amulet of faith {!P}
HPRegen 0.00/turn               (no ring)
MPRegen 0.09/turn               (no ring)

@: mighty, heroic, inhibited regen
A: claws 1, cold resistance 1, negative energy resistance 3, inhibited
regeneration, torment resistance 2
a: Renounce Religion, Heroism


You were on level 3 of the Dungeon.
You worshipped Okawaru.
Okawaru was most pleased with you.
You visited 1 branch of the dungeon, and saw 4 of its levels.

You collected 124 gold pieces.


Innate Abilities, Weirdness & Mutations

You thrive by killing the living.
You are immune to poison.
You have sharp fingernails.
Your flesh is cold resistant. (rC+)
You are immune to negative energy. (rN+++)
You do not regenerate when monsters are visible.
You are immune to unholy pain and torment.


   Skills:
 - Level 3.2(8.2) Fighting
 + Level 2.2(7.2) Staves
 - Level 2.6(7.6) Dodging
 - Level 2.1(7.1) Stealth
 - Level 5.0(10.0) Unarmed Combat
 - Level 2.2 Invocations


You had 4 spell levels left.
You didn't know any spells.
Your spell library was empty.

Inventory:

Hand Weapons
 a - a +0 vampiric lajatang (weapon)
Armour
 c - a +0 helmet (worn)
 j - a +0 robe (worn)
Jewellery
 h - an amulet of faith (around neck) {!P}
Scrolls
 f - 2 scrolls of immolation
 l - a scroll of magic mapping
 m - a scroll of teleportation {@r2}
 n - a scroll of fear {unknown}
Potions
 b - a potion of heal wounds {unknown}
 e - 2 potions of might
 g - a potion of magic
 i - a potion of degeneration {unknown}
 k - a potion of haste {unknown}
 o - a potion of attraction {unknown}

Dungeon Overview and Level Annotations

Branches:
Dungeon (4/15)
 Temple: D:4-7

Altars:
Okawaru

#######.#.#
#....# #.#.#
###### #.#.#
#...# ### ##..#
#<# #..# #.#
#..# #.###
###h.# #...#
#...@#
######.###
#.#### #......#
#.#### #.###..#
#....# #......#
####.########.##
#..........#
############


You could see a hound.


Message History

* * * LOW HITPOINT WARNING * * *
Unknown command.
Blink to where?
Press: ? - help, Dir - move target
As you read the scroll of blinking, it crumbles to dust.
The adder skeleton bites you but does no damage.
The hound bites you.
* * * LOW HITPOINT WARNING * * *
The adder skeleton bites you.
* * * LOW HITPOINT WARNING * * *
You climb upwards.
There is a stone staircase leading down here.
Okay, then.
It was a potion of might.
You feel very mighty all of a sudden. The hound misses you.
The hound bites you but does no damage.
Use which ability? (? or * to list)
You gain the combat prowess of a mighty hero.
The hound bites you.
* * * LOW HITPOINT WARNING * * *
You closely miss the hound.
The hound is severely wounded.
The hound bites you.
* * * LOW HITPOINT WARNING * * *
The hound stops to sniff the ground.
The hound barely misses you.
You closely miss the hound.
The hound is severely wounded.
The hound barely misses you. The hound bites you.
You die...

Skill      XL: |  1  2  3  4  5 |
---------------+----------------+-----
Unarmed Combat | 4 5 |  5.0
Invocations    | 1 2 |  2.2
Staves         | 1 2 |  2.2
Fighting       | |  3.2
Dodging        | |  2.6
Stealth        | |  2.1

Action                   |  1- 3 |  4- 6 || total
-------------------------+-------+-------++-------
Melee: Unarmed           |    76 |    19 ||    95
       Lajatang          |       |    77 ||    77
Invok: Heroism           |       |     1 ||     1
  Use: Scroll            |     3 |     5 ||     8
       Potion            |       |     1 ||     1
 Stab: Sleeping          |     4 |     3 ||     7
Armor: Robe              |     8 |    43 ||    51
Dodge: Dodged            |    35 |    91 ||   126

Levels and vault maps discovered:
D:1:      dpeg_arrival_pond, layout_loops_cross,
          hellmonk_ecumenical_altar_blasted, minmay_misc_feat_columns,
          kennysheep_small_spiral
D:2:      layout_loops_ring
D:3:      layout_basic, minmay_fountain_box
D:4:      layout_rooms, amcnicky_altar_gilded, nemelex_diamond_rough_becter,
          kennysheep_mini_moat

Notes
Turn   | Place    | Note
-------+----------+-------------------------------------------
     0 | D:1      | demibob the Ghoul Monk began the quest for the Orb.
     0 | D:1      | Reached XP level 1. HP: 19/19 MP: 0/0
   344 | D:1      | Reached XP level 2. HP: 26/26 MP: 1/1
   410 | D:1      | Reached skill level 4 in Unarmed Combat
   895 | D:1      | Found a faded altar of an unknown god.
   900 | D:1      | Reached XP level 3. HP: 31/31 MP: 2/2
   902 | D:1      | Prayed at the altar of an unknown god.
   902 | D:1      | Became a worshipper of Warmaster Okawaru
   902 | D:1      | Reached * piety under Okawaru
   902 | D:1      | Reached ** piety under Okawaru
  1178 | D:2      | Reached skill level 1 in Invocations
  1348 | D:2      | Reached XP level 4. HP: 38/38 MP: 4/4
  1355 | D:2      | Reached skill level 5 in Unarmed Combat
  1467 | D:2      | Reached *** piety under Okawaru
  1471 | D:2      | Identified a scroll of acquirement
  1471 | D:2      | Acquired a +0 vampiric lajatang
  1847 | D:3      | Reached skill level 2 in Invocations
  2001 | D:3      | Reached skill level 1 in Staves
  2241 | D:3      | Reached XP level 5. HP: 45/45 MP: 5/5
  2311 | D:4      | Reached skill level 2 in Staves
  2336 | D:4      | HP: 3/45 [adder skeleton (2)]
  2340 | D:3      | HP: 1/45 [hound (1)]
  2341 | D:3      | Slain by a hound

Vanquished Creatures
  A centaur skeleton (D:4)
  5 adders
  A worm (D:2)
  3 dart slugs
  An orc (D:4)
  5 ball pythons
  6 endoplasms
  6 giant cockroaches
  9 goblins
  5 hobgoblins
  4 jackals (D:1)
  2 kobolds
  2 quokkas
  2 bats (D:3)
  3 frilled lizards
  4 rats
59 creatures vanquished.

Table legend: (Time is in decaauts)
 A = Elapsed time spent in this place.
 B = Non-inter-level travel time spent in this place.
 C = Inter-level travel time spent in this place.
 D = Time resting spent in this place.
 E = Time spent auto-exploring this place.
 F = Levels seen in this place.
 G = Mean time per level.
                   A        B        C        D        E       F      G
               +--------+--------+--------+--------+--------+-----+--------+
         Total |   2363 |   2298 |     65 |    168 |   1669 |   4 |  590.8 |
       Dungeon |   2363 |   2298 |     65 |    168 |   1669 |   4 |  590.8 |
               +--------+--------+--------+--------+--------+-----+--------+

Top non-repeatable levels by time:
     D:1: 1012 daAuts
     D:2: 798 daAuts
     D:3: 503 daAuts
     D:4: 48 daAuts

Table legend:
 A = Non-vault XP
 B = Vault XP
 C = Vault XP percentage of total XP
 D = Non-vault monster count
 E = Vault monster count
 F = Vault count percentage of total count
                 A         B        C        D         E       F
            +---------+---------+-------+---------+---------+-------
      Total |     215 |       0 |   0.0 |      59 |       0 |   0.0
            +---------+---------+-------+---------+---------+-------
        D:1 |      34 |       0 |   0.0 |      18 |       0 |   0.0
        D:2 |      75 |       0 |   0.0 |      18 |       0 |   0.0
        D:3 |      57 |       0 |   0.0 |      19 |       0 |   0.0
        D:4 |      49 |       0 |   0.0 |       4 |       0 |   0.0
            +---------+---------+-------+---------+---------+-------
